 Dungeon Crawl Stone Soup version 0.31.0-12-g77e489cdc1 (webtiles) character file.

Game seed: 13134309009750594107

1834 GeoRichter the Grappler (level 9, -4/58 HPs)
             Began as an Octopode Shapeshifter on Feb 20, 2024.
             Was an Initiate of Gozag.
             Slain by a vampire (15 damage)
             ... on level 6 of the Dungeon.
             The game lasted 00:13:13 (5576 turns).

GeoRichter the Grappler (Octopode Shapeshifter)     Turns: 5576, Time: 00:13:14

Health: -4/58      AC:  1    Str: 15    XL:     9   Next: 11%
Magic:  9/9        EV: 17    Int: 12    God:    Gozag
Gold:   265        SH:  0    Dex: 14    Spells: 8/8 levels left

rFire   + .          .
                       - Unarmed
rCold   . . .        (shield currently unavailable)
rNeg    . . .        (helmet restricted)
rPois   .            (no amulet)
rElec   .            i - ring of protection from fire
rCorr   .            n - ring of wizardry
SInv    .            (no ring)
Will    .....        (no ring)
Stlth   +            (no ring)
HPRegen 0.29/turn    (no ring)
MPRegen 0.11/turn    (no ring)
                     (no ring)

%: wizardry (x1)
@: flux-form, glowing, studying Translocations
A: glow, contaminating, almost no armour, amphibious, 8 rings, camouflage 1,
gelatinous body 1, (nimble swimmer 1), tentacles
a: Begin Untransformation, Renounce Religion, Potion Petition, Call Merchant,
Bribe Branch


You were on level 6 of the Dungeon.
You worshipped Gozag.
Gozag was aware of your devotion.
You were something dangerously unstable.
You visited 1 branch of the dungeon, and saw 6 of its levels.

You collected 381 gold pieces.
You paid 116 gold pieces to Gozag.

Inventory:

Missiles
 e - 4 boomerangs (quivered)
Armour
 r - a +2 hat
   (You found it on level 4 of the Dungeon)
Jewellery
 i - a ring of protection from fire (left tentacle)
   (You found it on level 2 of the Dungeon)
 n - a ring of wizardry (right tentacle)
   (You found it on level 3 of the Dungeon)
Talismans
 b - a beast talisman
 c - a flux talisman (active)
Wands
 w - a wand of charming (2)
   (You took it off an orc priest on level 6 of the Dungeon)
Scrolls
 d - 3 scrolls of teleportation {@r4}
 f - a scroll of vulnerability {unknown}
 h - a scroll of enchant weapon {unknown}
 l - a scroll of revelation {unknown}
 m - a scroll of fog {unknown}
 o - a scroll of amnesia
 p - a scroll of fear
 q - a scroll of silence {unknown}
 s - a scroll of blinking
 u - 2 scrolls of identify {@r1}
Potions
 a - a potion of lignification {!q}
 g - a potion of brilliance
 j - a potion of mutation {unknown}
 k - 3 potions of curing {@q1}
 t - a potion of berserk rage {unknown}
 v - a potion of degeneration {unknown}


   Skills:
 + Level 3.7 Fighting
 - Level 2.0 Dodging
 - Level 1.0 Stealth
 * Level 8.0 Unarmed Combat
 + Level 7.9 Shapeshifting


You had 8 spell levels left.
You didn't know any spells.
Your spell library contained the following spells:

 Spells                   Type           Power      Damage    Failure   Level
 Lesser Beckoning         Tloc           0%         N/A       21%         2
 Gell's Gravitas          Tloc           0%         N/A       36%         3
 Teleport Other           Tloc           0%         N/A       36%         3
 Volatile Blastmotes      Fire/Tloc      0%         2d10      36%         3
 Fulminant Prism          Conj/Alch      0%         3d5       75%         4
 Iskenderun's Mystic Bla  Conj/Tloc      0%         2d3       75%         4


Dungeon Overview and Level Annotations

Branches:
Dungeon (6/15) Zot: 26107  Temple (0/1) D:6

Altars:
Gozag
Makhleb
Okawaru
Vehumet

Annotations:
D:4 exclusion: ogre


Innate Abilities, Weirdness & Mutations

You are something dangerously unstable.
You glow with magical radiation, making you easy to see and hit.
Foes you strike become dangerously contaminated with magical radiation.
You are incapable of wielding weapons or throwing items.
You cannot wear most types of armour.
You are amphibious.
You can wear up to eight rings at the same time.
Your skin changes colour to match your surroundings (Stealth+).
Your rubbery body absorbs attacks. (AC +1, EV +1)
((You are camouflaged when in or above water. (Stealth+)))
You have tentacles for arms and can constrict up to eight enemies at once.


Message History

The vampire glows dangerously bright.
The vampire is lightly damaged.
You constrict the vampire, but do no damage.
The vampire points at you and mumbles some strange words.
You are confused.
You barely miss the vampire.
The vampire is lightly damaged.
You constrict the vampire. The vampire closely misses you.
The vampire misses you.
You bump into the metal wall.
You constrict the vampire.
The vampire points at you and mumbles some strange words.
You resist with some effort.
You tentacle-slap the vampire but do no damage.
The vampire shudders as magic cascades through it!!
The vampire is severely damaged.
You constrict the vampire, but do no damage.
You release your grip on the vampire.
The vampire attacks as it pursues you! The vampire hits you.
The vampire bites you!
The vampire draws strength from your injuries!
You're too confused to move!
The vampire draws life force from you!
* * * LOW HITPOINT WARNING * * *
The vampire is healed by the life force!
You closely miss the vampire.
The vampire is moderately damaged.
The vampire gestures wildly while chanting.
The vampire flickers and vanishes!
Deactivating autopickup; reactivate with Ctrl-A.
You bump into the metal wall.
You feel less confused. Something closely misses you. Something bites you.
* * * LOW HITPOINT WARNING * * *
Something draws strength from your injuries!
You tentacle-slap something but do no damage.
The vampire begins to glow.
You grab the vampire.
You squeeze the vampire, but do no damage.
The vampire is moderately damaged.
You constrict the vampire, but do no damage.
The vampire barely misses you. The vampire bites you!
* * * LOW HITPOINT WARNING * * *
The vampire draws strength from your injuries!
You tentacle-slap the vampire.
The vampire glows dangerously bright.
The vampire is lightly damaged.
You constrict the vampire, but do no damage.
The vampire closely misses you. The vampire completely misses you.
You tentacle-slap the vampire.
The vampire shudders as magic cascades through it!!
You constrict something. Something hits you!
You die...
Your body crumbles into a pile of gold.

.......<......................
####.###.....##.#...###.......
.. .......'..........###...
..# #.###........#######...
#.. #$..#.........D.......
..###.###o...#..####.#...
#.#.#.#$#.......###.##..
#[###{###.......##.....
.#.#.#.#p#.#........#####
..###.###..#...........##
#...#...#...#.#..........#
#....###.###..#...........
.............##.........##
..............##.........##
..............##.........##
...).###.......#.........##
.... ##.####.###.###.####


There were no monsters in sight!

Vanquished Creatures
  A steam dragon (D:6)
  2 orc warriors
  A black bear (D:4)
  2 phantoms
  6 scorpions
  3 hounds
  6 orc priests
  3 jellies
  A sleepcap (D:5)
  5 iguanas
  4 orc wizards
  Robin (D:3)
  A gnoll (D:1)
  12 adders
  2 shadow imps
  A white imp (D:6)
  3 ufetubi (D:6)
  2 dart slugs
  3 ribbon worms
  14 orcs
  8 endoplasms
  2 giant cockroaches
  16 goblins
  4 hobgoblins
  7 jackals
  4 quokkas
  6 ball pythons
  2 bats
  10 frilled lizards (D:1)
  3 kobolds
  6 rats
141 creatures vanquished.

Notes
Turn   | Place    | Note
-------+----------+-------------------------------------------
     0 | D:1      | GeoRichter the Octopode Shapeshifter began the quest for
                  | the Orb.
     0 | D:1      | Reached XP level 1. HP: 13/13 MP: 1/1
   117 | D:1      | Reached XP level 2. HP: 18/18 MP: 2/2
   320 | D:1      | Reached XP level 3. HP: 6/23 MP: 3/3
   741 | D:2      | Reached XP level 4. HP: 25/28 MP: 4/4
   786 | D:2      | Noticed a scorpion
   817 | D:2      | Killed a scorpion
   818 | D:2      | Reached skill level 4 in Unarmed Combat
   819 | D:2      | Reached XP level 5. HP: 31/33 MP: 5/5
  1569 | D:3      | Found a radiant altar of Vehumet.
  1702 | D:3      | Noticed Robin
  1733 | D:3      | Killed Robin
  1741 | D:3      | Reached skill level 5 in Shapeshifting
  1904 | D:3      | Reached XP level 6. HP: 35/38 MP: 6/6
  2399 | D:4      | Found an iron altar of Okawaru.
  2490 | D:4      | Reached skill level 5 in Unarmed Combat
  2693 | D:4      | Reached XP level 7. HP: 24/43 MP: 7/7
  2946 | D:5      | Entered Level 5 of the Dungeon
  3656 | D:5      | Reached XP level 8. HP: 46/48 MP: 8/8
  3664 | D:5      | Reached skill level 6 in Unarmed Combat
  3721 | D:5      | Reached skill level 1 in Stealth
  4844 | D:6      | Found a burning altar of Makhleb.
  4986 | D:5      | Reached skill level 7 in Unarmed Combat
  5233 | D:6      | Noticed a cyclops
  5290 | D:6      | Noticed a vampire
  5362 | D:6      | Reached XP level 9. HP: 57/57 MP: 9/9
  5374 | D:6      | Found an opulent altar of Gozag.
  5377 | D:6      | Became a worshipper of Gozag Ym Sagoz the Greedy
  5474 | D:6      | Found a staircase to the Ecumenical Temple.
  5550 | D:6      | Reached skill level 8 in Unarmed Combat
  5576 | D:6      | Slain by a vampire

Illustrated notes

Levels and vault maps discovered:
D:1:      minmay_arrival_four_circles, layout_basic, minmay_lizard_king
D:2:      layout_loops_ring, minmay_misc_feat_hallway
D:3:      layout_basic, vehumet_crystals, dreamdust_mushroom_princess,
          kennysheep_donut, uniq_robin
D:4:      nicolae_cairo_tiling_large, layout_basic,
          mainiacjoe_overflow_tiny_flanked
D:5:      layout_cave_pools, serial_library_regret_index_small_wings
D:6:      layout_basic, mainiacjoe_overflow_alcove_2,
          mainiacjoe_overflow_24_doors, minmay_temple_entry_poolview,
          minmay_manual_mail

Skill      XL: |  1  2  3  4  5  6  7  8  9 |
---------------+----------------------------+-----
Shapeshifting  | 4 5 6 7 |  7.9
Unarmed Combat | 4 5 7 8 |  8.0
Stealth        | 1 |  1.0
Fighting       | 3 |  3.7
Dodging        | |  2.0

Action                     |  1- 3 |  4- 6 |  7- 9 || total
---------------------------+-------+-------+-------++-------
  Melee: Unarmed           |    52 |    96 |   154 ||   302
         Tentacles         |    10 |    16 |    43 ||    69
         Constrict         |    10 |    24 |    37 ||    71
         Punch             |       |     4 |     2 ||     6
  Throw: Boomerang         |     4 |    41 |    17 ||    62
    Use: Scroll            |       |       |     7 ||     7
         Potion            |       |       |     1 ||     1
   Stab: Sleeping          |     3 |     4 |       ||     7
         Distracted        |       |     1 |       ||     1
 Armour: Skin              |    13 |    41 |    78 ||   132
  Dodge: Dodged            |    19 |    40 |   122 ||   181
   Form: Flux              |       |       |     1 ||     1
